 Dungeon Crawl Stone Soup version 0.24.0-35-gdb84b6a5db (webtiles) character file.

Game seed: 5162471899119434596, levelgen mode: deterministic

171 Emblim88 the Vexing (level 5, 0/21 HPs)
             Began as a Felid Enchanter on Nov 18, 2019.
             Was an Initiate of Dithmenos.
             Slain by a bullfrog (3 damage)
             ... on level 3 of the Dungeon.
             The game lasted 00:15:47 (3495 turns).

Emblim88 the Vexing (Felid Enchanter)               Turns: 3495, Time: 00:15:47

Health: 0/21       AC:  1    Str:  4    XL:     5   Next: 26%
Magic:  5/9        EV: 19    Int: 18    God:    Dithmenos [......]
Gold:   41         SH:  0    Dex: 16    Spells: 6/9 levels left
                                        Lives:  0   Deaths: 1

rFire    . . .     SeeInvis +     - Unarmed
rCold    . . .     Gourm    .   (shield unavailable)
rNeg     . . .     Faith    .   (armour unavailable)
rPois    .         Spirit   .   (helmet unavailable)
rElec    .         Reflect  .   (cloak unavailable)
rCorr    .         Harm     .   (gloves unavailable)
MR       .....                  (boots unavailable)
Stlth    ++++......             (no amulet)
HPRegen  0.07/turn              (no ring)
MPRegen  0.11/turn              (no ring)

@: very slightly contaminated, quick
A: very small, no armour, no weapons or thrown items, stealth, claws 1, fangs 3,
see invisible, carnivore, speed 1, shaggy fur 1, slow metabolism 1, sharp paws
a: Renounce Religion


You were on level 3 of the Dungeon.
You worshipped Dithmenos.
Dithmenos was noncommittal.
You were full.

You visited 1 branch of the dungeon, and saw 3 of its levels.

You collected 41 gold pieces.

Inventory:

Scrolls
 a - a scroll of amnesia {unknown}
 c - 4 scrolls of identify {unknown}
 d - 2 scrolls of teleportation {unknown}
 e - 2 scrolls of remove curse {unknown}
 f - a scroll of enchant weapon {unknown}
Potions
 g - a potion of berserk rage {unknown}
 h - 2 potions of lignification
 i - a potion of curing {unknown}
 j - 2 potions of mutation {unknown}
 k - 2 potions of haste {unknown}
 l - a potion of might {unknown}
Comestibles
 b - 5 rations


   Skills:
 + Level 3.7 Dodging
 * Level 5.7 Stealth
 + Level 2.1 Unarmed Combat
 + Level 2.5 Spellcasting
 * Level 6.1 Hexes
 + Level 1.1 Ice Magic


You had 6 spell levels left.
You knew the following spells:

 Your Spells              Type           Power        Failure   Level  Hunger
a - Corona                Hex            ###....      1%          1    #......
b - Ensorcelled Hibernat  Hex/Ice        ###...       6%          2    ##.....

Your spell library contained the following spells:

 Spells                   Type           Power        Failure   Level  Hunger
 Confuse                  Hex            ###.....     4%          3    ###....
 Tukima's Dance           Hex            ###.....     4%          3    ###....
 Dazzling Spray           Conj/Hex       ##....       14%         3    ###....


Dungeon Overview and Level Annotations

Branches:
Dungeon (3/15)

Altars:
Dithmenos
Elyvilon
Makhleb
Nemelex Xobeh
Uskayaw
Yredelemnul

Annotations:
D:3 Sigmund


Innate Abilities, Weirdness & Mutations

You cannot wear armour.
You are incapable of wielding weapons or throwing items.
Your paws allow you to move quietly. (Stealth)
You have sharp claws.
You have razor-sharp teeth.
You have supernaturally acute eyesight. (SInv)
You are carnivorous and can eat meat at any time.
You cover ground quickly.
You are covered in fur. (AC +1)
You have a slow metabolism.
Your sharp claws are effective at attacking unaware monsters.


Message History

The bullfrog hits you. The bullfrog misses you.
You scratch the bullfrog.
The bullfrog is severely wounded.
The bullfrog barely misses you. The bullfrog hits you.
* * * LOW HITPOINT WARNING * * *
Casting: Ensorcelled Hibernation (safe; 6% risk of failure)
Confirm with . or Enter, or press ? or * to list all spells.
Aiming: Ensorcelled Hibernation (safe; 6% risk of failure)
Press: ? - help, Shift-Dir - straight line, f/p - bullfrog
Aim: a bullfrog (severely wounded, chance to defeat MR: 46%)
You miscast Ensorcelled Hibernation.
You are very lightly contaminated with residual magic.
The light around you dims momentarily. The bullfrog completely misses you.
You closely miss the bullfrog.
The bullfrog is severely wounded.
The bullfrog hits you.
* * * LOW HITPOINT WARNING * * *
The bullfrog hits you.
You die...

####... #...P...
#...P.@. ##.P...# ..
#.....### . #########
#........ . ####
###rSKF@..####.P......
...####
#..g#####.......#
..##...# #.###
b#######.#
..#.....##'##....
#.########
>.#.grS.(S..K.....
#.........
..#S$...#####.....
#.#...#### ..##...#
...# #.....####
...##.# .## ###...#...
....#. # #.#.....


You could see a bullfrog, an adder, a goblin, a kobold and a rat.

Vanquished Creatures
  A crimson imp (D:3)
  Jessica (D:2)
  Robin (D:2)
  3 gnolls
  5 adders
  2 oozes (D:1)
  2 worms
  A dart slug (D:1)
  2 leopard geckos (D:1)
  An orc (D:3)
  A giant cockroach (D:3)
  4 goblins
  7 hobgoblins
  4 ball pythons
  5 bats
  3 frilled lizards
  8 kobolds
  10 rats
61 creatures vanquished.

Vanquished Creatures (others)
  A plant (D:1)
1 creature vanquished.

Grand Total: 62 creatures vanquished

Notes
Turn   | Place    | Note
-------+----------+-------------------------------------------
     0 | D:1      | Emblim88 the Felid Enchanter began the quest for the Orb.
     0 | D:1      | Reached XP level 1. HP: 7/7 MP: 4/4
   164 | D:1      | Reached XP level 2. HP: 10/11 MP: 6/6
   169 | D:1      | Learned a level 2 spell: Ensorcelled Hibernation
   814 | D:1      | Reached skill level 5 in Hexes
   856 | D:1      | Reached XP level 3. HP: 14/14 MP: 4/7
  1576 | D:2      | Found a sparkling altar of Nemelex Xobeh.
  1696 | D:2      | Found a hide-covered altar of Uskayaw.
  1697 | D:2      | Noticed Jessica
  1704 | D:2      | Killed Jessica
  1766 | D:2      | Reached XP level 4. HP: 3/18 MP: 0/8
  1787 | D:2      | Noticed Robin
  1793 | D:2      | Slain by Robin
  1794 | D:2      | Reached XP level 3. HP: 0/21 MP: 3/7
  2132 | D:2      | Killed Robin
  2132 | D:2      | Reached skill level 5 in Stealth
  2490 | D:3      | Found a white marble altar of Elyvilon.
  2490 | D:3      | Found a shadowy altar of Dithmenos.
  2493 | D:3      | Became a worshipper of Dithmenos the Shadowed
  2708 | D:3      | Reached XP level 4. HP: 18/18 MP: 8/8
  3184 | D:3      | Noticed Sigmund
  3251 | D:3      | Found a burning altar of Makhleb.
  3255 | D:3      | Reached skill level 6 in Hexes
  3255 | D:3      | Reached skill level 1 in Ice Magic
  3255 | D:3      | Reached XP level 5. HP: 21/21 MP: 9/9
  3401 | D:3      | Found a basalt altar of Yredelemnul.
  3495 | D:3      | Slain by a bullfrog

Levels and vault maps discovered:
D:1:      shiori_shiawase, layout_basic, serial_bayou_lagoon_a,
          due_unseen_surprise
D:2:      layout_loops_ring, eat_drink_and_be_merry_uskayaw,
          nicolae_overflow_crystal_walls, st_stairs_5, grunt_decor_resistance,
          uniq_robin, uniq_jessica
D:3:      minmay_octagon_keep, layout_rooms, gammafunk_temple_overflow_elements,
          makhleb_grotto_becter, lemuel_crystal_altar,
          kiku_gazebo_garden_becter, minivault_23,
          ebering_dispersal_statue_hall, hex_tiny, corexii_shack,
          nrook_mini_backslash, uniq_sigmund

Skill      XL: |  1  2  3  4 |
---------------+-------------+-----
Hexes          | 5 6 |  6.1
Dodging        | 3 |  3.7
Stealth        | 5 |  5.7
Unarmed Combat | 2 |  2.1
Ice Magic      | 1 |  1.1
Spellcasting   | |  2.5

Action                   |  1- 3 |  4- 6 || total
-------------------------+-------+-------++-------
Melee: Unarmed           |    80 |    29 ||   109
 Cast: Ensorcelled Hiber |    39 |    17 ||    56
  Use: Potion            |     1 |     2 ||     3
 Stab: Sleeping          |    38 |    15 ||    53
  Eat: Chunk             |    11 |     5 ||    16
Armor: Skin              |     5 |       ||     5
Dodge: Dodged            |    67 |    27 ||    94
